 Dungeon Crawl Stone Soup version 0.29.0-15-g675c0067aa (webtiles) character file.

Game seed: 570003622755246949

19 qw the Sneak (level 2, -2/19 HPs)
             Began as a Gargoyle Delver on Sept 11, 2022.
             Slain by a howler monkey (3 damage)
             ... on level 5 of the Dungeon.
             The game lasted 00:00:06 (134 turns).

qw the Sneak (Gargoyle Delver)                       Turns: 134, Time: 00:00:06

Health: -2/19      AC:  5    Str: 15    XL:     2   Next: 75%
Magic:  2/2        EV: 11    Int: 10    God:
Gold:   9          SH:  0    Dex: 11    Spells: 1/1 levels left

rFire   . . .      SeeInvis .   a - +0 hand axe
rCold   . . .      Faith    .   (no shield)
rNeg    + . .      Spirit   .   b - +0 leather armour
rPois   inf        Reflect  .   (no helmet)
rElec   +          Harm     .   (no cloak)
rCorr   .          Rampage  .   (no gloves)
Will    .....                   (no boots)
Stlth   +++.......              (no amulet)
HPRegen 0.06/turn               (no ring)
MPRegen 0.08/turn               (no ring)

@: no status effects
A: sickness immunity, AC +2, negative energy resistance 1, electricity
resistance, torment resistance 1, petrification resistance
a: no special abilities


You were on level 5 of the Dungeon.
You visited 1 branch of the dungeon, and saw 1 of its levels.

You collected 9 gold pieces.


Innate Abilities, Weirdness & Mutations

You are immune to sickness and miasma.
Your stone body is resilient. (AC +2)
You are immune to poison.
You resist negative energy. (rN+)
You are resistant to electric shocks. (rElec)
You are resistant to unholy torment.
You are immune to petrification.


   Skills:
 - Level 3.2 Fighting
 + Level 2.9 Axes
 - Level 1.5 Dodging
 - Level 5.4 Stealth


You had one spell level left.
You didn't know any spells.
Your spell library was empty.

Inventory:

Hand Weapons
 a - a +0 hand axe (weapon)
Armour
 b - a +0 leather armour (worn)
Wands
 g - a wand of digging (3)
Scrolls
 c - a scroll of fog
 d - a scroll of magic mapping
 e - a scroll of fear
Potions
 f - a potion of haste
 h - a potion of degeneration {unknown}

Dungeon Overview and Level Annotations

Branches:
Dungeon (5/15)
 Temple: D:4-7

Altars:

Annotations:
D:5 Edmund


Message History

The adder bites you.
You hear a shout! x2
Something shouts, "Return whence thou came, thou erky sheep-biting brigand!"
You hear a shout! x2; You hear an angry hiss.
You hear a bark!
You hear a shout! x2
You hear an angry hiss.
You closely miss the adder. Your punch misses the adder.
The adder is moderately wounded.
You barely miss the howler monkey. The howler monkey hits you.
The adder bites you but does no damage.
You closely miss the adder.
The adder is moderately wounded.
You hit the howler monkey but do no damage.
The adder closely misses you. The howler monkey barely misses you.
The adder bites you.
You closely miss the adder.
The adder is moderately wounded.
You hit the howler monkey.
The howler monkey hoots and howls with incredible vigour!
The adder bites you. The howler monkey barely misses you.
Something shouts, "Scamper home, thou puny ditch-delivered tiddler!"
You hear an angry hiss.
You hear a bark!
You hear a shout! x2
You hit the howler monkey.
The howler monkey is heavily wounded.
You hit the adder. The adder bites you but does no damage.
The howler monkey hits you. The adder bites you but does no damage.
You hit the adder.
You kill the adder!
You hit the howler monkey. The howler monkey barely misses you.
The howler monkey hoots and howls with incredible vigour!
You hit the howler monkey.
The howler monkey is severely wounded.
A white imp comes into view.
The howler monkey hits you but does no damage.
You closely miss the howler monkey.
The howler monkey is severely wounded.
Edmund the Younger comes into view.
He is wielding a +4 flail of protection.
The howler monkey hits you.
You die...

... ... .#......... . ..
#..##.....@.....
..###.###..#..#.........
..........#...##5.......
#..........S.#.........
#.>..##..##........ .
#.....#.##.........
#...#.......##.........
............##h@.......
.............%..(..$...
.......................
##...##..#.............
#..# ##.##.......##..#
### ####...##### .##
##### #


You could see Edmund, a howler monkey (catching breath) and a white imp.

Vanquished Creatures
  2 adders (D:5)
2 creatures vanquished.

Notes
Turn   | Place    | Note
-------+----------+-------------------------------------------
     0 | D:5      | qw the Gargoyle Delver began the quest for the Orb.
     0 | D:5      | Reached XP level 1. HP: 14/14 MP: 1/1
     0 | D:5      | 0 ||| qw: Version: 0.1-a-118-gb4e7ce6
     0 | D:5      | 0 ||| qw: Game counter: 10441
     0 | D:5      | 0 ||| qw: Always use a shield: true
     0 | D:5      | 0 ||| qw: God list: Okawaru
     0 | D:5      | 0 ||| qw: Allow faded altars: false
     0 | D:5      | 0 ||| qw: Do Orc after D:15 true
     0 | D:5      | 0 ||| qw: Do second Lair branch before Depths: true
     0 | D:5      | 0 ||| qw: Lair rune preference: random
     0 | D:5      | 0 ||| qw: Plans: Normal
     0 | D:5      | 0 ||| PLANNING D:1-11
    36 | D:5      | Reached XP level 2. HP: 8/19 MP: 2/2
    95 | D:5      | 95 ||| Stepping ~*~*~tactically~*~*~ (stealth).
    99 | D:5      | 99 ||| Stepping ~*~*~tactically~*~*~ (stealth).
   100 | D:5      | 100 ||| Stepping ~*~*~tactically~*~*~ (stealth).
   112 | D:5      | 112 ||| Stepping ~*~*~tactically~*~*~ (stealth).
   125 | D:5      | Noticed a howler monkey
   131 | D:5      | HP: 1/19 [howler monkey (4)]
   134 | D:5      | Noticed Edmund
   134 | D:5      | Slain by a howler monkey

Levels and vault maps discovered:
D:5:      layout_cave_pools, minmay_chambers_of_fives, uniq_grinder,
          uniq_edmund, uniq_ijyb, uniq_pikel

Skill      XL: |  1 |
---------------+----+-----
Axes           | 2 |  2.9
Fighting       | |  3.2
Dodging        | |  1.5
Stealth        | |  5.4

Action                   || total
-------------------------++-------
Melee: Hand axe          ||    26
Armor: Leather armour    ||    16
Dodge: Dodged            ||    17

Table legend:
 A = Non-vault XP
 B = Vault XP
 C = Vault XP percentage of total XP
 D = Non-vault monster count
 E = Vault monster count
 F = Vault count percentage of total count
                 A         B        C        D         E       F
            +---------+---------+-------+---------+---------+-------
      Total |      28 |       0 |   0.0 |       2 |       0 |   0.0
            +---------+---------+-------+---------+---------+-------
        D:5 |      28 |       0 |   0.0 |       2 |       0 |   0.0
            +---------+---------+-------+---------+---------+-------
